 Dungeon Crawl Stone Soup version 0.30-a0-738-g116ff8c4af (webtiles) character file.

Game seed: 9297470339235696712

22427 mopl the Summoner (level 13, -14/96 HPs)
             Began as a Merfolk Summoner on Feb 3, 2023.
             Was a Priest of Sif Muna.
             Demolished by a death yak (25 damage)
             ... on level 1 of the Lair of Beasts.
             The game lasted 00:40:49 (15077 turns).

mopl the Summoner (Merfolk Summoner)               Turns: 15077, Time: 00:40:50

Health: -14/96     AC:  5    Str:  9    XL:     13   Next: 0%
Magic:  30/36      EV: 11    Int: 18    God:    Sif Muna [***...]
Gold:   949        SH:  9    Dex: 15    Spells: 19/32 levels left

rFire   + . .      SeeInvis .    e - +0 spear
rCold   . . .      Faith    .    i - +0 kite shield {rF+}
rNeg    . . .      Spirit   .    M - +0 robe {Archmagi}
rPois   .          Reflect  .    D - +1 helmet
rElec   .          Harm     .    (no cloak)
rCorr   .          Rampage  .    (no gloves)
Will    .....      Archmagi +    U - +0 pair of boots
Stlth   ++                       o - amulet of magic regeneration
HPRegen 0.36/turn                f - ring of magical power
MPRegen 0.65/turn                n - +4 ring of slaying

@: about to teleport, studying Axes
A: (nimble swimmer 2), mertail
a: Renounce Religion, Channel Magic, Forget Spell


You were on level 1 of the Lair of Beasts.
You worshipped Sif Muna.
Sif Muna was most pleased with you.
You visited 3 branches of the dungeon, and saw 14 of its levels.
You also visited: Volcano.

You collected 949 gold pieces.

Inventory:

Hand Weapons
 e - a +0 spear (weapon)
 t - a +1 glaive of flaming
Missiles
 q - 15 poisoned darts
 s - 3 javelins
 P - a curare-tipped dart
 R - 6 boomerangs
Armour
 i - a +0 kite shield of fire resistance (worn)
 D - a +1 helmet (worn)
 M - a +0 robe of the Archmagi (worn)
 U - a +0 pair of boots (worn)
Jewellery
 a - a ring of ice
 f - a ring of magical power (left hand)
 g - a ring of flight
 h - a ring of willpower
 n - a +4 ring of slaying (right hand)
 o - an amulet of magic regeneration (around neck)
 y - a +4 ring of protection
 N - a ring of poison resistance
Wands
 X - a wand of iceblast (6)
Scrolls
 k - a scroll of brand weapon {unknown}
 w - a scroll of teleportation
 x - 2 scrolls of noise {unknown}
 z - 6 scrolls of vulnerability
 A - 2 scrolls of immolation
 G - a scroll of blinking {unknown}
 H - 3 scrolls of fear {unknown}
 J - 3 scrolls of torment {unknown}
 K - 2 scrolls of poison {unknown}
 L - 2 scrolls of silence {unknown}
 V - 5 scrolls of magic mapping {unknown}
Potions
 b - 6 potions of magic
 c - 4 potions of ambrosia
 d - a potion of haste
 j - 5 potions of flight
 l - a potion of mutation {!q}
 m - 2 potions of cancellation
 r - 5 potions of lignification {!q}
 u - 3 potions of resistance
 v - a potion of brilliance
 E - 7 potions of curing
 F - 4 potions of berserk rage {unknown}
 I - a potion of invisibility
 T - a potion of might
Miscellaneous
 Y - a lightning rod (1/4)
 Z - a piece from Xom's chessboard (13/15)


   Skills:
 + Level 7.4 Fighting
 + Level 8.8 Polearms
 + Level 3.7 Dodging
 - Level 2.1 Stealth
 + Level 4.4 Shields
 * Level 10.1 Spellcasting
 - Level 3.0 Hexes
 * Level 12.9 Summonings
 - Level 3.0 Air Magic
 + Level 5.5 Invocations
 + Level 4.9 Evocations


You had 19 spell levels left.
You knew the following spells:

 Your Spells              Type           Power      Damage    Failure   Level
a - Summon Small Mammal   Summ           100%       N/A       1%          1
b - Call Imp              Summ           70%        N/A       1%          2
c - Call Canine Familiar  Summ           70%        N/A       1%          3
g - Summon Guardian Gole  Hex/Summ       54%        N/A       2%          3
s - Summon Lightning Spi  Summ/Air       54%        N/A       9%          4

Your spell library contained the following spells:

 Spells                   Type           Power      Damage    Failure   Level
 Confusing Touch          Hex            29%        N/A       21%         3
 Tukima's Dance           Hex            29%        N/A       21%         3
 Kiss of Death            Conj/Necr      52%        2d9       22%         1
 Sandblast                Erth           26%        2d8       22%         1
 Cigotuvi's Dreadful Rot  Necr/Pois/Air  38%        N/A       22%         2
 Passwall                 Tmut/Erth      10%        N/A       34%         2
 Portal Projectile        Hex/Tloc       42%        N/A       36%         3
 Stone Arrow              Conj/Erth      26%        3d8       56%         3
 Dispel Undead            Necr           13%        3d9       92%         4
 Passage of Golubria      Tloc           13%        N/A       92%         4
 Yara's Violent Unravell  Hex/Tmut       10%        3d6       98%         5
 Blade Hands              Tmut           6%         N/A       99%         5
 Death Channel            Necr           6%         N/A       100%        6


Dungeon Overview and Level Annotations

Branches:
Dungeon (11/15)            Temple (1/1) D:6            Lair (2/5) D:11
    Orc (0/2) D:9         Volcano (visited)
  Swamp: Lair:2-3    Shoals: Lair:2-3     Snake: Lair:2-3    Spider: Lair:2-3

Altars:
Ashenzari
Cheibriados
Dithmenos
Elyvilon
Fedhas
Gozag
Hepliaklqana
Kikubaaqudgha
Makhleb
Nemelex Xobeh
Okawaru
Qazlal
Ru
Sif Muna
Trog
Uskayaw
Vehumet
Wu Jian
Xom
Yredelemnul
Zin
The Shining One
Jiyva

Shops:
D:10 :

Annotations:
D:8 1 runed translucent door, emiel's ghost, novice NaBe
D:11 3 runed translucent doors, Leeroy's ghost, journeyman VSWr


Innate Abilities, Weirdness & Mutations

((You are very nimble when in or above water. (Stealth+, EV+, Speed+++)))
Your lower body shifts to a powerful aquatic tail in water.


Message History

You hit the death yak but do no damage.
The death yak is moderately wounded.
The hell rat bites your lightning spire.
You hit the death yak.
The death yak is moderately wounded.
Your lightning spire shoots out a bolt of lightning at the death yak!
The bolt of electricity hits the death yak!
The bolt of electricity hits your white imp!
Your white imp dies!
Your white imp disappears in a puff of smoke!
The death yak gores you but does no damage.
Casting: Summon Guardian Golem (mildly dangerous; 2% risk of failure)
Confirm with . or Enter, or press ? or * to list all spells.
You feel a surge of power! You block the hell rat's attack.
The death yak gores you!!
You hit the hell rat.
The hell rat is lightly wounded.
You block the hell rat's attack. The death yak gores you!
Your warg completely misses the hell rat.
You hit the hell rat.
The hell rat is heavily wounded.
The hell rat completely misses you. The death yak gores you!!
* * * LOW HITPOINT WARNING * * *
Your warg bites the hell rat but does no damage.
As you read the scroll labelled IGIHASCHE TICAY, it crumbles to dust.
You feel strangely unstable.
It was a scroll of teleportation.
The hell rat bites you.
* * * LOW HITPOINT WARNING * * *
Your warg bites the hell rat.
The death yak misses you.
You make a move on Xom's chessboard...
The hell rat resists with significant effort.
The hell rat closely misses you.
Your warg bites the hell rat.
The death yak gores you.
* * * LOW HITPOINT WARNING * * *
The hell rat closely misses your warg.
You make a move on Xom's chessboard...
The death yak seems to grow stronger.
Your warg bites the hell rat but does no damage.
The hell rat bites your warg but does no damage.
The death yak gores you!!
You die...

...........................#.#..#
.....................#.......#..#
..................>...#.....#....
......................##....#...#
....(<..........#######.....#...#
................#.8.##.#.#...##.8
.................h...........#...
...............#8r9......8...+..>
...............#@Y...............
...............##88.##.#.#.#.##.8
................#######.....#####
#...##..##.##..## ###+### #
#####..######..# ##.....## #
##.######.## ##....††.#
#.........# #..#...#.#
##........# ####..#.8.#.#
#........####.###.#...#.#


You could see a death yak (strong, ally target), a hell rat (distracted, ally
target), a friendly guardian golem (summoned), a friendly warg (summoned,
sheltered) and a friendly lightning spire (summoned, sheltered).

Vanquished Creatures
  A hydra (Lair:1)
  A boulder beetle (Lair:1)
  A hell hog (Volcano)
  2 cane toads (Lair:1)
  A komodo dragon (Lair:1)
  A wyvern (D:8)
  2 yaks
  3 fire bats (Volcano)
  A vampire mosquito (D:10)
  An acid dragon (D:9)
  A hell hound (Volcano)
  2 water moccasins (Lair:1)
  2 ice beasts
  5 wolves
  A centaur (D:8)
  A kobold brigand (D:6)
  5 bullfrogs
  A necrophage (D:4)
  A wight (D:8)
  2 killer bees
  2 electric eels
  2 orc priests (D:11)
  An iguana (D:5)
  3 orc wizards
  Natasha (D:4)
  4 adders
  2 dart slugs
  16 orcs
  8 ball pythons
  6 endoplasms
  2 giant cockroaches (D:1)
  9 goblins
  11 hobgoblins
  5 jackals
  3 quokkas
  2 bats (D:2)
  A frilled lizard (D:2)
  8 kobolds
  6 rats
127 creatures vanquished.

Vanquished Creatures (collateral kills)
  A boulder beetle (D:7)
  Nergalle (D:10)
  A fire crab (Volcano)
  3 manticores
  Psyche (D:11)
  An unseen horror (D:11)
  A rime drake (Lair:1)
  A kobold demonologist (D:10)
  A komodo dragon (Lair:1)
  A troll (D:11)
  4 blink frogs (Lair:1)
  4 shadows
  Grum (D:10)
  A wraith (D:11)
  17 yaks
  8 fire bats
  A steam dragon (D:8)
  A basilisk (Lair:1)
  A warg (D:11)
  2 vampire mosquitoes (D:10)
  2 hell hounds (Volcano)
  An acid dragon (D:11)
  2 water moccasins
  Duvessa (D:6)
  A sky beast (D:7)
  4 orc warriors
  An ice beast (D:6)
  3 wolves
  An ogre (D:6)
  2 centaurs
  A kobold brigand (D:7)
  2 necrophages
  5 bullfrogs
  4 scorpions
  Dowan (D:6)
  7 wights (D:8)
  5 killer bees
  A howler monkey (D:7)
  3 electric eels
  A jelly (D:8)
  5 orc priests
  A hound (D:4)
  Natasha (D:4)
  3 iguanas
  10 orc wizards
  4 hell rats (Lair:1)
  Robin (D:4)
  2 adders (D:2)
  A white imp (D:7)
  A worm (D:5)
  23 orcs
  An endoplasm (D:2)
  12 goblins
  3 hobgoblins
  7 jackals
  13 kobolds
  3 ball pythons
  A rat (D:3)
192 creatures vanquished.

Vanquished Creatures (others)
  A two-headed ogre (D:9)
  A manticore (D:11)
  A hornet (D:7)
  6 yaks
  A warg (D:11)
  A water moccasin (D:6)
  A swamp drake (D:9)
  3 wolves (Lair:1)
  A centaur (D:7)
  3 killer bees
  An orc priest (D:11)
  5 fungi
  18 plants
  4 toadstools (D:3)
47 creatures vanquished.

Grand Total: 366 creatures vanquished

Notes
Turn   | Place    | Note
-------+----------+-------------------------------------------
     0 | D:1      | mopl the Merfolk Summoner began the quest for the Orb.
     0 | D:1      | Reached XP level 1. HP: 13/13 MP: 3/3
    86 | D:1      | Reached XP level 2. HP: 15/19 MP: 1/5
    90 | D:1      | Learned a level 2 spell: Call Imp
   523 | D:1      | You fall into a shaft and drop 1 floor!
   534 | D:2      | Reached XP level 3. HP: 24/24 MP: 6/6
   549 | D:2      | Learned a level 3 spell: Call Canine Familiar
   881 | D:2      | Reached skill level 3 in Spellcasting
   901 | D:2      | Reached XP level 4. HP: 17/30 MP: 8/8
   955 | D:2      | Learned a level 3 spell: Summon Guardian Golem
  1172 | D:2      | Reached skill level 5 in Summonings
  1867 | D:3      | Reached XP level 5. HP: 12/35 MP: 10/10
  2786 | D:4      | Reached skill level 1 in Hexes
  2884 | D:4      | Noticed Natasha
  2900 | D:4      | Killed Natasha
  2986 | D:4      | Noticed Natasha
  2995 | D:4      | Killed Natasha
  2996 | D:4      | Reached skill level 4 in Spellcasting
  2996 | D:4      | Reached XP level 6. HP: 41/41 MP: 12/12
  3001 | D:4      | Learned a level 4 spell: Summon Lightning Spire
  3393 | D:4      | Noticed Robin
  3403 | D:4      | Reached skill level 2 in Hexes
  3410 | D:4      | Killed Robin
  3411 | D:4      | Reached skill level 6 in Summonings
  3448 | D:4      | Found a stormy altar of Qazlal.
  3479 | D:5      | Entered Level 5 of the Dungeon
  3607 | D:5      | Reached XP level 7. HP: 46/46 MP: 13/13
  3630 | D:5      | Reached skill level 1 in Air Magic
  3782 | D:5      | Found an ornate altar of the Wu Jian Council.
  3788 | D:5      | Found a burning altar of Makhleb.
  3795 | D:5      | Found a basalt altar of Yredelemnul.
  3800 | D:5      | Found a radiant altar of Vehumet.
  3808 | D:5      | Found an iron altar of Okawaru.
  3812 | D:5      | Found a blossoming altar of Fedhas.
  4419 | D:5      | Found a shimmering altar of Xom.
  4646 | D:6      | Reached skill level 5 in Spellcasting
  4722 | D:6      | Reached XP level 8. HP: 42/52 MP: 15/15
  4917 | D:6      | Reached skill level 3 in Hexes
  4919 | D:6      | Reached skill level 7 in Summonings
  4947 | D:6      | Noticed Duvessa
  4956 | D:6      | Reached skill level 2 in Air Magic
  5008 | D:6      | Noticed Dowan
  5011 | D:6      | Killed Duvessa
  5018 | D:6      | Killed Dowan
  5024 | D:6      | Reached skill level 6 in Spellcasting
  5039 | D:6      | Found a staircase to the Ecumenical Temple.
  5060 | Temple   | Entered the Ecumenical Temple
  5181 | D:6      | Noticed a shadow
  5191 | D:6      | Killed a shadow
  5549 | D:6      | Reached skill level 8 in Summonings
  5621 | D:7      | Reached skill level 3 in Air Magic
  5621 | D:7      | Reached XP level 9. HP: 57/57 MP: 18/18
  5840 | D:7      | Noticed a hornet
  5855 | D:7      | Killed a hornet
  5867 | D:7      | Reached skill level 7 in Spellcasting
  6067 | D:7      | Reached skill level 1 in Polearms
  6076 | D:7      | Noticed a manticore
  6089 | D:7      | Reached skill level 1 in Fighting
  6093 | D:7      | Killed a manticore
  6094 | D:7      | Reached skill level 2 in Polearms
  6094 | D:7      | Reached skill level 9 in Summonings
  6103 | D:7      | Noticed a boulder beetle
  6129 | D:7      | Reached skill level 2 in Fighting
  6482 | D:7      | Killed a boulder beetle
  6483 | D:7      | Reached skill level 3 in Fighting
  6483 | D:7      | Reached skill level 3 in Polearms
  6524 | D:7      | Reached XP level 10. HP: 55/70 MP: 21/21
  6572 | D:7      | Reached skill level 4 in Polearms
  6922 | D:8      | Found a runed translucent door.
  6922 | D:8      | Found a shimmering altar of Xom.
  6922 | D:8      | Noticed emiel's ghost (novice NaBe)
  6922 | D:8      | Noticed a +1 short sword of chaos
  7008 | D:8      | Reached skill level 10 in Summonings
  7564 | D:8      | Reached skill level 1 in Shields
  7873 | D:8      | Reached skill level 4 in Fighting
  7876 | D:8      | Reached skill level 8 in Spellcasting
  7942 | D:8      | Reached skill level 5 in Polearms
  8767 | D:9      | Found a sparkling altar of Nemelex Xobeh.
  9296 | D:9      | Reached skill level 2 in Shields
  9564 | D:9      | Noticed a two-headed ogre
  9629 | D:9      | Killed a two-headed ogre
  9788 | D:9      | Found a shimmering blue altar of Sif Muna.
  9795 | D:9      | Became a worshipper of Sif Muna the Loreminder
  9912 | D:9      | Found a staircase to the Orcish Mines.
 10267 | D:9      | Reached skill level 1 in Invocations
 10267 | D:9      | Reached skill level 1 in Evocations
 10269 | D:9      | Reached * piety under Sif Muna
 10270 | D:9      | Reached skill level 5 in Fighting
 10270 | D:9      | Reached skill level 6 in Polearms
 10271 | D:9      | Reached skill level 3 in Shields
 10271 | D:9      | Reached XP level 11. HP: 79/79 MP: 23/23
 10277 | D:9      | Reached skill level 11 in Summonings
 10428 | D:10     | Entered Level 10 of the Dungeon
 10537 | D:10     | Noticed Grum
 10549 | D:10     | Reached skill level 2 in Invocations
 10554 | D:10     | Killed Grum
 10716 | D:10     | Found Aletuj's Vocational Training.
 10763 | D:10     | Reached skill level 2 in Evocations
 10971 | D:10     | Noticed Nergalle
 10985 | D:10     | Noticed a spectral orc warlord
 10990 | D:10     | Killed Nergalle
 11682 | D:10     | Reached skill level 3 in Invocations
 12013 | D:11     | Noticed a manticore
 12027 | D:11     | Killed a manticore
 12028 | D:11     | Reached skill level 7 in Polearms
 12079 | D:11     | Reached skill level 4 in Shields
 12119 | D:11     | Noticed Psyche
 12119 | D:11     | Noticed a manticore
 12126 | D:11     | Killed a manticore
 12127 | D:11     | Reached skill level 6 in Fighting
 12127 | D:11     | Reached skill level 3 in Evocations
 12133 | D:11     | Killed Psyche
 12275 | D:11     | Found a runed translucent gate.
 12275 | D:11     | Found a runed translucent gate.
 12275 | D:11     | Found a runed translucent gate.
 12279 | D:11     | Noticed Leeroy's ghost (journeyman VSWr)
 12282 | D:11     | Found a viscous altar of Jiyva.
 12282 | D:11     | Noticed a glowing orange brain
 12359 | D:11     | Noticed a manticore
 12375 | D:11     | Killed a manticore
 12388 | D:11     | Reached ** piety under Sif Muna
 12389 | D:11     | Reached skill level 9 in Spellcasting
 12483 | D:11     | Found a staircase to the Lair.
 12818 | Lair:1   | Entered Level 1 of the Lair of Beasts
 12829 | Lair:1   | Reached skill level 12 in Summonings
 12829 | Lair:1   | Reached skill level 4 in Invocations
 12829 | Lair:1   | Reached XP level 12. HP: 77/88 MP: 24/25
 13030 | Lair:1   | Reached skill level 8 in Polearms
 13100 | Lair:1   | Reached skill level 4 in Evocations
 13113 | Lair:1   | Noticed a boulder beetle
 13160 | Lair:1   | Killed a boulder beetle
 13229 | Lair:1   | Found a dark tunnel.
 13248 | Volcano  | Entered a volcano
 13453 | Volcano  | Noticed a hell hog
 13467 | Volcano  | Killed a hell hog
 13467 | Volcano  | Reached *** piety under Sif Muna
 13468 | Volcano  | Reached skill level 7 in Fighting
 13470 | Volcano  | Reached skill level 5 in Invocations
 13746 | Volcano  | Reached skill level 3 in Dodging
 14557 | Lair:1   | Reached skill level 10 in Spellcasting
 14637 | Lair:1   | Noticed a seven-headed hydra
 14659 | Lair:1   | Killed a seven-headed hydra
 15016 | Lair:2   | Noticed a death yak
 15016 | Lair:2   | Noticed a death yak
 15018 | Lair:2   | Noticed a death yak
 15027 | Lair:2   | Reached XP level 13. HP: 81/96 MP: 27/27
 15077 | Lair:1   | Demolished by a death yak

Illustrated notes

Levels and vault maps discovered:
D:1:      minmay_arrival_four_houses, layout_loops_cross
D:2:      minmay_kobold_bridge, layout_loops_ring
D:3:      layout_basic, minmay_gold_behind_fungi
D:4:      layout_loops_ring, lemuel_coloured_pillars_altar,
          hangedman_decor_growths, uniq_natasha, uniq_robin
D:5:      layout_basic, grunt_temple_overflow_octagram
D:6:      layout_gridville, temple_statues, minmay_ogre_servants, uniq_duvessa
D:7:      layout_loops_corners, minmay_manual_mess
D:8:      layout_layer_cave, ebering_ghost_xom, minivault_14,
          minmay_stone_trees_large
D:9:      layout_irregular_city, mainiacjoe_overflow_alcove_1,
          kennysheep_mini_moat, erik_orc_1, nrook_mini_backslash,
          serial_bayou_lake_a
D:10:     layout_big_octagon, nicolae_water_bricks, nicolae_shop_vocational,
          uniq_nergalle, uniq_grum
D:11:     layout_long_grid, erik_lair_orcish_takeover, gammafunk_ghost_ooze,
          uniq_psyche
Temple:   hellmonk_temple_two_chambers
Lair:1:   layout_chaotic_city, nicolae_volcano_entry_batcave,
          serial_bayou_shore_b, serial_bayou_shore_a, grunt_megastairs_1
Lair:2:   layout_layer_cave, nzn_ghost_randoct, grunt_megastairs_5, uniq_erica

Skill      XL: |  1  2  3  4  5  6  7  8  9 10 11 12 |
---------------+-------------------------------------+-----
Spellcasting   | 3 4 5 6 7 8 9 10 | 10.1
Summonings     | 5 6 8 9 10 12 | 12.9
Hexes          | 1 2 3 |  3.0
Air Magic      | 1 3 |  3.0
Polearms       | 3 6 7 8 |  8.8
Fighting       | 3 5 6 7 |  7.4
Shields        | 3 4 |  4.4
Invocations    | 1 4 5 |  5.5
Evocations     | 1 3 4 |  4.9
Dodging        | 3 |  3.7
Stealth        | |  2.1

Action                     |  1- 3 |  4- 6 |  7- 9 | 10-12 | 13-15 || total
---------------------------+-------+-------+-------+-------+-------++-------
  Melee: Unarmed           |    38 |       |       |       |       ||    38
         Spear             |    67 |   139 |   109 |   412 |     4 ||   731
         Punch             |       |     1 |     1 |       |       ||     2
         Tailslap          |       |       |       |     3 |       ||     3
  Throw: Dart              |       |       |     1 |     3 |       ||     4
   Cast: Summon Small Mamm |    22 |     2 |    11 |    14 |       ||    49
         Call Imp          |     3 |     8 |    15 |    16 |     1 ||    43
         Call Canine Famil |       |    13 |    26 |    65 |     3 ||   107
         Summon Guardian G |       |       |     8 |    24 |     2 ||    34
         Summon Lightning  |       |       |     3 |    34 |     1 ||    38
  Evoke: Lightning rod     |       |       |       |     4 |       ||     4
         Wand              |       |       |       |     1 |       ||     1
         Piece from Xom's  |       |       |       |       |     2 ||     2
    Use: Scroll            |       |       |     8 |     6 |     1 ||    15
         Potion            |       |       |     1 |     1 |       ||     2
   Stab: Distracted        |     2 |     3 |     3 |    13 |       ||    21
         Sleeping          |     1 |     9 |     2 |     3 |       ||    15
 Armour: Robe              |    11 |    11 |    15 |    39 |     1 ||    77
         Ring mail         |       |       |       |    18 |       ||    18
  Dodge: Dodged            |    65 |    56 |    33 |   118 |     7 ||   279
  Block: Buckler           |       |       |       |    58 |       ||    58
         Kite shield       |       |       |       |    13 |     3 ||    16

Table legend: (Time is in decaauts)
 A = Elapsed time spent in this place.
 B = Non-inter-level travel time spent in this place.
 C = Inter-level travel time spent in this place.
 D = Time resting spent in this place.
 E = Time spent auto-exploring this place.
 F = Levels seen in this place.
 G = Mean time per level.
                   A        B        C        D        E       F      G
               +--------+--------+--------+--------+--------+-----+--------+
         Total |  14943 |  14500 |    443 |   3377 |   7657 |  15 |  996.2 |
       Dungeon |  12649 |  12276 |    373 |   2636 |   7005 |  11 | 1149.9 |
        Temple |     81 |     81 |      0 |     41 |      5 |   1 |   81.0 |
          Lair |   1331 |   1262 |     69 |    162 |    551 |   2 |  665.5 |
       Volcano |    882 |    882 |      0 |    538 |     96 |   1 |  882.0 |
               +--------+--------+--------+--------+--------+-----+--------+

Top non-repeatable levels by time:
     D:9: 2059 daAuts
     D:8: 1687 daAuts
     D:7: 1297 daAuts
  Lair:1: 1282 daAuts
    D:10: 1245 daAuts
     D:5: 1153 daAuts
     D:3: 1016 daAuts
 Volcano: 882 daAuts
     D:6: 880 daAuts
     D:4: 856 daAuts
    D:11: 823 daAuts
     D:1: 821 daAuts
     D:2: 807 daAuts
  Temple: 81 daAuts
  Lair:2: 48 daAuts
